 Dungeon Crawl Stone Soup version 0.29-a0-323-g050149af67 (webtiles) character file.

Game seed: 11702747897793094626

341774 freelancePsychic the Warrior (level 21, -6/196 (201) HPs)
             Began as a Minotaur Chaos Knight on Apr 9, 2022.
             Was a Favourite Plaything of Xom.
             Mangled by a vault warden
             ... wielding a +0 long sword
              (23 damage)
             ... on level 2 of the Vaults on Apr 10, 2022.
             The game lasted 02:00:29 (36735 turns).

freelancePsychic the Warrior (MiCK)                Turns: 36735, Time: 02:00:31

HP:   -6/196 (201)  AC: 21    Str: 23    XL:     21   Next: 9%
MP:   14/23         EV: 33    Int: 21    God:    Xom [..*...]
Gold: 3973          SH:  0    Dex: 31    Spells: 22/36 levels left

rFire   + . .      SeeInvis .   a - +6 arbalest "Damnation" {damnation}
rCold   + . .      Faith    .   (shield currently unavailable)
rNeg    + . .      Spirit   .   O - +4 ring mail "Syakhasid" {rN+ Int+3 Stlth+}
rPois   .          Reflect  .   (helmet restricted)
rElec   .          Harm     .   h - scarf {rC+ rF+}
rCorr   .          Rampage  .   T - +2 pair of gloves {infuse}
Will    +....                   f - +2 pair of boots {Fly}
Stlth   +++.......              N - amulet "Wuseijas" {Regen+ Int+3}
HPRegen 1.22/turn               u - +6 ring of dexterity
MPRegen 0.18/turn               A - ring of Zoutioxi {MP-9 Str+2 Int+6 Dex+8}

@: about to teleport, portalling projectiles, flying, studying 2 skills, lightly
drained
A: horns 2, retaliatory headbutt, MP-powered wands
}: 2/15 runes: barnacled, gossamer
a: Renounce Religion


You were on level 2 of the Vaults.
You worshipped Xom.
You were a toy of Xom.
You visited 7 branches of the dungeon, and saw 36 of its levels.
You visited 1 bazaar.
You also visited: Ossuary, Ice Cave and Desolation.

You collected 6134 gold pieces.
You spent 2161 gold pieces at shops.

Inventory:

Hand Weapons
 a - the +6 arbalest "Damnation" (weapon) {damnation}
   (You acquired it on level 2 of the Dungeon)

   Any ammunition fired from it explodes in a burst of damnation on striking a
   foe, dealing damage which bypasses armour.
 b - a +7 arbalest of freezing
 j - the +8 storm bow {elec, penet}
   (You found it on level 6 of the Lair of Beasts)

   Any ammunition fired from it occasionally discharges a powerful burst of
   electricity upon striking a foe.
   Any ammunition fired by it passes through the targets it hits, potentially
   hitting all targets in its path until it reaches maximum range.
Missiles
 G - 7 throwing nets
Armour
 f - a +2 pair of boots of flying (worn)
 h - a scarf of resistance (worn)
 O - the +4 ring mail "Syakhasid" (worn) {rN+ Int+3 Stlth+}
   (You found it on level 15 of the Dungeon)

   Int:       It affects your intelligence (+3).
   rN:        It protects you from negative energy.
   Stlth:     It makes you more stealthy.
 T - a +2 pair of gloves of infusion (worn)
Jewellery
 g - the ring "Sahaph" {rF+ Int+3}
   (You found it on level 15 of the Dungeon)

   [ring of protection from fire]

   Int:       It affects your intelligence (+3).
   rF:        It protects you from fire.
 n - the ring of Pusol {rPois rCorr}
   (You took it off a centaur warrior on level 15 of the Dungeon)

   [ring of poison resistance]

   rPois:     It protects you from poison.
   rCorr:     It protects you from acid and corrosion.
 p - the ring "Joerish" {rElec Str+6}
   (You found it in the Desolation of Salt)

   [ring of strength]

   Str:       It affects your strength (+6).
   rElec:     It insulates you from electricity.
 u - a +6 ring of dexterity (left hand)
 A - the ring of Zoutioxi (right hand) {MP-9 Str+2 Int+6 Dex+8}
   (You found it on level 6 of the Lair of Beasts)

   [ring of intelligence]

   Str:       It affects your strength (+2).
   Int:       It affects your intelligence (+6).
   Dex:       It affects your dexterity (+8).
   MP:        It affects your magic capacity (-9).
 N - the amulet "Wuseijas" (around neck) {Regen+ Int+3}
   (You found it in an ice cave)

   [amulet of regeneration]

   Int:       It affects your intelligence (+3).
   Regen:     It increases your rate of health regeneration.
 Q - a ring of see invisible
 X - a ring of fire
 Y - a ring of positive energy
 Z - a +6 ring of intelligence
Wands
 q - a wand of acid (31)
 F - a wand of paralysis (15)
 H - a wand of flame (82)
 J - a wand of iceblast (45)
 K - a wand of digging (14)
 R - a wand of charming (12)
Scrolls
 i - 7 scrolls of amnesia
 t - 7 scrolls of fog
 v - 5 scrolls of noise
 w - 5 scrolls of teleportation {@r4}
 y - 2 scrolls of immolation
 C - 6 scrolls of fear
 E - 2 scrolls of holy word
 L - 3 scrolls of magic mapping
 M - a scroll of enchant armour
 P - 6 scrolls of blinking
 U - 2 scrolls of silence
 V - 4 scrolls of torment
 W - 2 scrolls of summoning
Potions
 d - 5 potions of brilliance
 e - 6 potions of lignification
 k - 9 potions of haste {@q3}
 l - 9 potions of attraction
 m - 2 potions of magic
 o - 15 potions of curing {@q1}
 r - 2 potions of mutation
 s - 5 potions of resistance
 x - 10 potions of flight
 z - a potion of invisibility
 B - 8 potions of heal wounds {@q2}
 D - 7 potions of ambrosia
 I - 8 potions of cancellation
Miscellaneous
 c - a piece from Xom's chessboard (15/15)
 S - a condenser vane (inert)


   Skills:
 - Level 20.1 Fighting
 - Level 3.9(4.2) Axes
 - Level 2.3(3.5) Maces & Flails
 * Level 13.4 Bows
 - Level 16.0 Crossbows
 - Level 20.0 Armour
 - Level 20.0 Dodging
 - Level 8.4 Spellcasting
 - Level 10.3 Hexes
 - Level 7.0 Translocations
 - Level 1.4 Air Magic
 - Level 7.2 Invocations


You had 22 spell levels left.
You knew the following spells:

 Your Spells              Type           Power      Damage    Failure   Level
a - Portal Projectile     Hex/Tloc       90%        N/A       1%          3
b - Blink                 Tloc           76%        N/A       1%          2
c - Silence               Hex/Air        16%        N/A       24%         5
d - Passage of Golubria   Tloc           38%        N/A       5%          4

Your spell library contained the following spells:

 Spells                   Type           Power      Damage    Failure   Level
 Ensorcelled Hibernation  Hex/Ice        60%        N/A       1%          2
 Lesser Beckoning         Tloc           38%        N/A       1%          3
 Tukima's Dance           Hex            51%        N/A       1%          3
 Dazzling Flash           Conj/Hex       60%        N/A       3%          3
 Inner Flame              Hex/Fire       30%        N/A       3%          3
 Summon Guardian Golem    Hex/Summ       30%        N/A       3%          3
 Shock                    Conj/Air       48%        1d6       7%          1
 Foxfire                  Conj/Fire      32%        2x1d5     10%         1
 Magic Dart               Conj           32%        1d4       10%         1
 Pain                     Necr           32%        1d5       10%         1
 Sting                    Tmut/Pois      32%        1d4       10%         1
 Summon Small Mammal      Summ           32%        N/A       10%         1
 Corpse Rot               Necr/Air       24%        N/A       11%         2
 Poisonous Vapours        Pois/Air       24%        N/A       11%         2
 Static Discharge         Conj/Air       12%        N/A       11%         2
 Anguish                  Hex/Necr       15%        N/A       12%         4
 Fulminant Prism          Conj/Hex       15%        3d11      12%         4
 Leda's Liquefaction      Hex/Erth       15%        N/A       12%         4
 Call Imp                 Summ           8%         N/A       14%         2
 Scorch                   Fire           16%        2d5       14%         2
 Searing Ray              Conj           16%        2d5       14%         2
 Sublimation of Blood     Necr           8%         N/A       14%         2
 Wereblood                Tmut           8%         N/A       14%         2
 Manifold Assault         Tloc           38%        N/A       14%         5
 Swiftness                Air            15%        N/A       16%         3
 Iskenderun's Mystic Bla  Conj/Tloc      23%        2d6       22%         4
 Mephitic Cloud           Conj/Pois/Air  10%        N/A       24%         3
 Call Canine Familiar     Summ           8%         N/A       28%         3
 Conjure Flame            Conj/Fire      8%         6-21      28%         3
 Frozen Ramparts          Ice            16%        1d3       28%         3
 Ignite Poison            Fire/Tmut/Pois 8%         N/A       28%         3
 Ozocubu's Armour         Ice            8%         N/A       28%         3
 Spider Form              Tmut/Pois      8%         N/A       28%         3
 Stone Arrow              Conj/Erth      16%        3d8       28%         3
 Metabolic Englaciation   Hex/Ice        15%        N/A       32%         5
 Yara's Violent Unravell  Hex/Tmut       15%        3d8       32%         5
 Airstrike                Air            7%         N/A       45%         4
 Dispersal                Tloc           19%        N/A       63%         6
 Animate Armour           Summ/Erth      16%        N/A       67%         4
 Animate Dead             Necr           4%         N/A       67%         4
 Dispel Undead            Necr           8%         3d8       67%         4
 Flame Wave               Conj/Fire      8%         2d5       67%         4
 Ice Form                 Ice/Tmut       8%         N/A       67%         4
 Olgreb's Toxic Radiance  Pois           8%         N/A       67%         4
 Petrify                  Tmut/Erth      8%         N/A       67%         4
 Sticky Flame             Conj/Fire      8%         2d3       67%         4
 Summon Ice Beast         Ice/Summ       8%         N/A       67%         4
 Freezing Cloud           Conj/Ice/Air   5%         6-21      91%         5
 Agony                    Necr           8%         N/A       95%         5
 Blade Hands              Tmut           4%         N/A       95%         5
 Borgnjor's Vile Clutch   Necr/Erth      4%         N/A       95%         5
 Excruciating Wounds      Necr           4%         N/A       95%         5
 Irradiate                Conj/Tmut      4%         3d14      95%         5
 Death Channel            Necr           4%         N/A       100%        6
 Iron Shot                Conj/Erth      4%         9d2       100%        6
 Simulacrum               Ice/Necr       4%         N/A       100%        6
 Statue Form              Tmut/Erth      5%         N/A       100%        6
 Summon Cactus Giant      Summ           4%         N/A       100%        6
 Dragon Form              Tmut           4%         N/A       100%        7
 Orb of Destruction       Conj           4%         9d5       100%        7
 Ozocubu's Refrigeration  Ice            4%         4d5       100%        7
 Spellforged Servitor     Conj/Summ      4%         N/A       100%        7
 Summon Hydra             Summ           4%         N/A       100%        7
 Disjunction              Tloc           19%        N/A       100%        8
 Ignition                 Fire           4%         3d4       100%        8
 Chain Lightning          Conj/Air       6%         3d8       100%        9
 Fire Storm               Conj/Fire      4%         8d1       100%        9
 Polar Vortex             Ice            4%         N/A       100%        9
 Shatter                  Erth           4%         3d7*      100%        9


Dungeon Overview and Level Annotations

Branches:
Dungeon (15/15)            Temple (0/1) D:4            Lair (6/6) D:10
 Shoals (4/4) Lair:3       Spider (4/4) Lair:2        Slime (0/5) Lair:6
    Orc (2/2) D:10            Elf (3/3) Orc:2        Vaults (2/5) D:14
  Crypt (0/3) Vaults:2     Depths (0/4) D:15        Ossuary (visited)
  IceCv (visited)         Desolation (visited)

Altars:
Ashenzari
Cheibriados
Elyvilon
Gozag
Kikubaaqudgha
Makhleb
Nemelex Xobeh
Okawaru
Qazlal
Xom
Beogh
Jiyva

Shops:
D:1 (   D:2 *   D:11 *   Orc:2 [*(==   Elf:1 [   Elf:2 *   Shoals:2 !

Annotations:
D:9 3 runed translucent doors, greenreed's ghost, novice MiBe
D:14 1 runed translucent door, Atlas's ghost, journeyman OpAE
D:15 2 transporters
Elf:2 2 runed translucent doors


Innate Abilities, Weirdness & Mutations

You have a pair of horns on your head.
You reflexively headbutt those who attack you in melee.
You expend magic power (3 MP) to strengthen your wands.


Message History

The sphinx is engulfed in noxious fumes.
The tengu reaver is engulfed in noxious fumes.
The tengu reaver hits you but does no damage.
The tengu reaver completely misses you.
The tengu reaver claws you but does no damage.
Shoot: a) +6 arbalest "Damnation" {damnation}
Press: ? - help, Shift-Dir - straight line, f - vault warden, p - tengu reaver
Aim: a vault warden, wielding a +2 bardiche and wearing a +0 plate armour (noxious fumes, lightly wounded, spells empowered, 83% to hit)
You magically shoot a damnation bolt.
The damnation bolt barely misses the vault warden.
The frost giant seems less brilliant.
The deep elf high priest is engulfed in noxious fumes.
The deep elf high priest appears confused.
The frost giant is empowered by the deep elf high priest's aura!
The vault warden is engulfed in noxious fumes.
The vault warden appears confused.
The vault warden is engulfed in noxious fumes.
The vault warden hits you from afar with a +2 bardiche!!
* * * LOW HITPOINT WARNING * * *
The frost giant is engulfed in noxious fumes.
The frost giant gestures at you while chanting.
The bolt of cold hits you!! You resist.
* * * LOW HITPOINT WARNING * * *
The sphinx is engulfed in noxious fumes.
The tengu reaver is engulfed in noxious fumes.
The tengu reaver casts a spell at you. The bolt of negative energy hits you!!
You partially resist.
You feel drained.
* * * LOW HITPOINT WARNING * * *
As you read the scroll of teleportation {@r4}, it crumbles to dust.
You feel strangely unstable.
The runic seal fades away.
The sphinx is engulfed in noxious fumes.
The deep elf high priest is engulfed in noxious fumes.
The deep elf high priest hits the tengu reaver with a +0 short sword.
The frost giant is engulfed in noxious fumes.
The frost giant completely misses you. You furiously retaliate!
You headbutt the frost giant, but do no damage.
The vault warden is engulfed in noxious fumes.
The vault warden hits you with a +0 long sword!!
You die...
Xom chuckles heartily!

# ##########....)................
# #..#....##''###################
# #...#...##..).)..)....,,,,,,,,,
# #....#..##..)....)†...,,,,,,,,,
# #....#..#####'########*********
##..#...##....#§§.).,+,,,,+,,,,
#..#...##....#H§.,,,*,,,,*,,,,
#...#..##+####p######*********
#...#..##....@Qep§§§.,,,,,,,,,
####..#...##....§CX§§§§.,,,,,,,,,
....#..#..##############*++******
.....#....#*,,,,*,,,,,,,,,,,,,,,,
.##.......#*,,,,*,,,,,,,,,,,,,,,,
#..#...####*,,,,+,,,,,,,,,,,,,,,,
....#..# *,,,,+,,,,,,,,,,,,,,,,
.......# *,,,,*,,,,,,,,,,,,,,,,
######## *,,,,*,,,,,,,,,,,,,,,,


You could see a tentacled monstrosity, a frost giant (empowered), a sphinx
(empowered), 2 vault wardens, a tengu reaver (empowered) and a deep elf high
priest (brilliance aura, confused).

Vanquished Creatures
  Bai Suzhen (Shoals:3)
  Nikola (Shoals:2)
  Zenata (Elf:3)
  2 deep elf blademasters (Elf:3)
  2 deep elf master archers (Elf:3)
  Polyphemus (Shoals:4)
  A sphinx (Vaults:2)
  Donald (Vaults:2)
  7 krakens
  An azure jelly (IceCv)
  7 ghost moths
  A fenstrider witch (Shoals:2)
  3 orc warlords
  An imperial myrmidon (Desolation)
  5 vault wardens
  2 deep elf elementalists (Elf:3)
  10 deep elf sorcerers
  3 emperor scorpions
  Louise (Shoals:3)
  7 ironbound preservers
  A war gargoyle (Vaults:2)
  4 quicksilver oozes (IceCv)
  5 ironbound thunderhulks
  5 very ugly things (Vaults:2)
  A vampire knight (Vaults:2)
  6 deep elf demonologists (Elf:3)
  11 entropy weavers
  5 deep elf annihilators (Elf:3)
  7 dire elephants (Vaults:2)
  3 halazid warlocks (Desolation)
  2 spark wasps (Spider:4)
  3 ettins (D:15)
  8 deep elf death magi (Elf:3)
  Josephine (D:10)
  2 crystal guardians (Desolation)
  4 deep elf high priests
  4 merfolk javelineers
  2 fire dragons
  12 vault guards
  8 merfolk impalers
  5 yaktaur captains
  A ragged hierophant (Desolation)
  2 ironbound frosthearts (Vaults:2)
  A rakshasa (D:15)
  3 catoblepae
  4 servants of whispers (Desolation)
  2 ogre magi (D:15)
  A merfolk avatar (Shoals:2)
  11 hydras
  Erolcha (D:10)
  10 boulder beetles
  3 peacekeepers (Desolation)
  An alligator snapping turtle (Shoals:4)
  13 centaur warriors
  A death knight (D:15)
  2 radroaches
  12 dancing weapons
  4 merfolk aquamancers
  5 death yaks
  5 two-headed ogres
  A vampire mage (Vaults:2)
  2 orc high priests
  Urug (D:13)
  2 tengu warriors
  10 deep elf knights
  Nergalle (Lair:3)
  3 sun moths
  A death drake (Lair:6)
  10 skeletal warriors
  7 pharaoh ants
  A kraken simulacrum (Shoals:4)
  A glowing orange brain (D:15)
  12 sea snakes
  2 steelbarb worms
  20 deep trolls
  3 orb spiders
  12 ironbound convokers
  A harpy (shapeshifter) (D:15)
  9 deep elf archers
  7 lindwurms
  A necromancer (D:15)
  7 wizards
  Pikel (D:5)
  A phantasmal warrior (Vaults:2)
  A wolf spider zombie (D:15)
  A mana viper (shapeshifter) (D:15)
  5 orc knights
  9 harpies
  22 deep elf pyromancers
  16 deep elf zephyrmancers
  3 orc sorcerers (Orc:2)
  29 wolf spiders
  11 manticores
  19 ugly things
  23 elephants
  11 fauns
  14 cyclopes
  A shining eye (shapeshifter) (Vaults:2)
  9 merfolk sirens
  4 moths of wrath
  7 water nymphs
  An ice statue (IceCv)
  5 guardian serpents (Desolation)
  8 black mambas
  3 vault sentinels
  9 torpor snails
  A molten gargoyle (Desolation)
  Maggie (D:10)
  3 demonic crawlers
  12 cane toads
  2 gargoyles (D:11)
  An unseen horror (D:11)
  A freezing wraith (Vaults:2)
  10 yaktaurs
  A centaur skeleton (D:15)
  5 kobold demonologists
  6 rime drakes
  10 komodo dragons
  2 efreet (D:15)
  A komodo dragon (shapeshifter) (D:15)
  A tengu conjurer (D:14)
  An entropy weaver simulacrum (IceCv)
  2 meliai
  A merfolk (shapeshifter) (D:15)
  6 wind drakes
  2 polar bears (Lair:1)
  11 trolls
  10 hornets
  43 merfolk
  8 snapping turtles
  20 tarantellas
  A hornet (shapeshifter) (D:15)
  4 tyrant leeches (Lair:6)
  A raiju (shapeshifter) (D:15)
  41 saltlings (Desolation)
  12 blink frogs
  8 dream sheep
  28 slime creatures
  37 jumping spiders
  14 water elementals
  3 centaur simulacra
  27 culicivoras
  A jumping spider (shapeshifter) (D:15)
  An air elemental (Elf:3)
  A culicivora (shapeshifter) (Elf:1)
  A shadow (D:13)
  9 wraiths
  4 wyverns
  27 yaks
  2 fire elementals
  2 basilisks
  4 vampire mosquitoes (D:14)
  Eustachio (D:5)
  65 redbacks
  3 steam dragons
  A redback (shapeshifter) (Vaults:2)
  4 wargs
  Edmund (D:6)
  2 acid dragons (D:13)
  5 demonic crawler simulacra (IceCv)
  13 water moccasins
  3 floating eyes (D:15)
  50 orc warriors
  4 sky beasts
  A sky beast (shapeshifter) (D:15)
  6 black bears
  14 ogres
  2 ugly thing simulacra (IceCv)
  11 wolves
  9 centaurs
  A boggart (Vaults:2)
  2 lemures
  A phantom (D:4)
  2 elf zombies (Ossuary)
  Blork the orc (D:6)
  3 kobold brigands
  11 bullfrogs
  A necrophage (D:7)
  6 scorpions
  2 earth elementals (Elf:1)
  2 elf skeletons (D:7)
  3 gnoll sergeants
  5 glowing shapeshifter simulacra (IceCv)
  27 wights
  9 killer bees
  7 howler monkeys
  A lava snake (Lair:5)
  3 human zombies
  5 hounds
  22 orc priests
  A gnoll shaman (D:9)
  5 jellies
  A human skeleton (D:7)
  3 iguanas
  36 orc wizards
  4 hell rats (Lair:3)
  2 hound zombies (Ossuary)
  3 mummies (Ossuary)
  18 gnolls
  8 adders
  A shadow imp (D:6)
  2 white imps
  An ufetubus (D:4)
  4 adder zombies (Ossuary)
  4 worms (D:2)
  4 dart slugs
  139 orcs
  9 endoplasms
  A giant cockroach (D:4)
  9 goblins
  4 hobgoblins
  6 jackals
  6 quokkas
  5 ball pythons
  5 bats
  3 frilled lizards
  A gnoll zombie (Ossuary)
  5 goblin zombies (Ossuary)
  2 hobgoblin zombies (Ossuary)
  3 jackal zombies (Ossuary)
  12 kobolds
  6 kobold zombies (Ossuary)
  An orc skeleton (D:7)
  2 orc zombies
  6 quokka zombies (Ossuary)
  6 rats
  3 rat zombies (Ossuary)
  2 pillars of salt (Desolation)
  11 tentacles
1608 creatures vanquished.

Vanquished Creatures (collateral kills)
  A vault warden (Vaults:2)
  An ironbound preserver (Vaults:2)
  An ironbound thunderhulk (Vaults:2)
  A yaktaur captain (Vaults:2)
  A vault guard (D:15)
  An ironbound frostheart (Vaults:2)
  3 death yaks
  3 deep trolls (Vaults:2)
  A deep elf pyromancer (D:15)
  An elephant (Lair:6)
  A cane toad (Lair:6)
  2 yaktaurs (Vaults:2)
  A water elemental (Shoals:4)
  A floating eye (D:15)
19 creatures vanquished.

Vanquished Creatures (others)
  A dancing weapon (D:15)
  A deep elf pyromancer (Elf:3)
  A faun (Shoals:3)
  A meliai simulacrum (D:15)
  27 fungi
  86 plants
  39 tentacles
  5 withered plants
161 creatures vanquished.

Grand Total: 1788 creatures vanquished

Notes
Turn   | Place    | Note
-------+----------+-------------------------------------------
     0 | D:1      | freelancePsychic the Minotaur Chaos Knight began the quest
                  | for the Orb.
     0 | D:1      | Reached XP level 1. HP: 19/19 MP: 0/0
    81 | D:1      | Found Xeimohe's Weapon Emporium.
   173 | D:1      | Reached XP level 2. HP: 27/27 MP: 1/1
   187 | D:1      | XOM: potion effect (invisibility)
   190 | D:1      | Reached skill level 1 in Maces & Flails
   332 | D:1      | XOM: divination: detect creatures
   414 | D:1      | XOM: divination: detect creatures
   482 | D:1      | Found a faded altar of an unknown god.
   779 | D:2      | Reached XP level 3. HP: 27/33 MP: 2/2
   852 | D:2      | Found Jallum's Assorted Antiques.
  1065 | D:2      | Identified a scroll of acquirement
  1065 | D:2      | Acquired the +6 arbalest "Damnation" {damnation}
  1065 | D:2      | Found the +6 arbalest "Damnation" {damnation}
  1278 | D:2      | Reached XP level 4. HP: 40/40 MP: 3/3
  1289 | D:2      | Reached skill level 1 in Crossbows
  1313 | D:2      | XOM: noise
  1457 | D:3      | XOM: 1-stop teleportation journey
  1479 | D:3      | XOM: silly message
  1952 | D:2      | Bought a twisted malachite amulet for 135 gold pieces
  2267 | D:3      | XOM: give mutations
  2267 | D:3      | Gained mutation: You have a pair of large horns on your
                  | head. [Xom's grace]
  2267 | D:3      | Gained mutation: You have sharp toenails. [Xom's grace]
  2267 | D:3      | Gained mutation: You are partially covered in iridescent
                  | scales. (AC +2) [Xom's grace]
  2267 | D:3      | Gained mutation: You expend magic power (3 MP) to
                  | strengthen your wands. [Xom's grace]
  2313 | D:3      | Found a white marble altar of Elyvilon.
  2334 | D:3      | Found a stormy altar of Qazlal.
  2357 | D:3      | XOM: god gift: hand axe {god gift}
  2381 | D:4      | XOM: 1-stop teleportation journey
  2532 | D:3      | XOM: god gift: 15 gold pieces
  2673 | D:4      | Reached XP level 5. HP: 47/47 MP: 4/4
  2677 | D:4      | Reached skill level 5 in Fighting
  2678 | D:4      | XOM: fake destruction
  2679 | D:4      | Reached XP level 6. HP: 28/56 MP: 3/5
  2690 | D:4      | XOM: 1-stop teleportation journey
  2736 | D:4      | XOM: scenery: create altars
  2800 | D:4      | XOM: god gift: 11 gold pieces
  2867 | D:4      | XOM: god gift: 49 gold pieces
  2929 | D:4      | Found a staircase to the Ecumenical Temple.
  2944 | D:4      | Reached skill level 5 in Armour
  2944 | D:4      | Reached XP level 7. HP: 62/62 MP: 4/6
  3098 | D:4      | Reached skill level 5 in Crossbows
  3158 | D:4      | XOM: god gift: 21 stones
  3376 | D:5      | Entered Level 5 of the Dungeon
  3594 | D:5      | Reached XP level 8. HP: 55/71 MP: 4/7
  4055 | D:5      | XOM: stat loss: -1 Str (17/18)
  4154 | D:6      | Noticed Eustachio
  4154 | D:6      | Noticed Pikel
  4162 | D:5      | XOM: repel stairs
  4167 | D:5      | Killed Eustachio
  4338 | D:5      | Killed Pikel
  4339 | D:5      | Reached XP level 9. HP: 81/81 MP: 8/8
  4516 | D:6      | Noticed Edmund
  4516 | D:6      | Found a snail-covered altar of Cheibriados.
  4518 | D:6      | Killed Edmund
  4656 | D:6      | XOM: silly message
  4818 | D:6      | XOM: summons 4 hostile shadow creatures
  5047 | D:6      | XOM: give mutations
  5047 | D:6      | Gained mutation: Armour fits poorly on your strangely
                  | shaped body. [Xom's mischief]
  5047 | D:6      | Gained mutation: You are dopey. (Int -2) [Xom's mischief]
  5071 | D:6      | Identified the +3 leather armour "Piphuum" {Str+5 Int+3
                  | Dex-3}
  5232 | D:6      | Reached skill level 10 in Crossbows
  5266 | D:6      | XOM: silly message
  5476 | D:6      | Noticed Blork the orc
  5477 | D:6      | Killed Blork the orc
  5761 | D:7      | Noticed a white ugly thing
  5766 | D:7      | XOM: butterfly on damage
  5769 | D:7      | Reached XP level 10. HP: 27/91 MP: 0/9
  5771 | D:7      | Killed a white ugly thing
  5775 | D:7      | HP: 2/91 [centaur/arrow (6)]
  5974 | D:7      | XOM: 2-stop teleportation journey
  6021 | D:7      | Found a sand-covered staircase.
  6027 | Ossuary  | Entered an ossuary
  6256 | Ossuary  | Reached skill level 10 in Fighting
  6441 | Ossuary  | XOM: scenery: 1 doors close
  6542 | Ossuary  | XOM: summons 6 hostile demons
  6696 | D:7      | XOM: 4-stop teleportation journey
  6699 | D:7      | Reached skill level 10 in Armour
  7223 | D:7      | XOM: summons 3 hostile demons
  7508 | D:8      | XOM: stat loss: -1 Int (6/7)
  7820 | D:8      | XOM: 1-stop teleportation journey
  8232 | D:8      | XOM: scenery: 1 doors close
  8352 | D:9      | Noticed a two-headed ogre
  8354 | D:9      | Killed a two-headed ogre
  8361 | D:9      | XOM: divination: detect creatures
  8432 | D:9      | Reached XP level 11. HP: 101/101 MP: 10/10
  8538 | D:9      | XOM: 1-stop teleportation journey
  8548 | D:9      | HP: 3/97 [orc priest/divine providence (11)]
  8606 | D:9      | XOM: give mutations
  8606 | D:9      | Gained mutation: You are mostly covered in iridescent
                  | scales. (AC +4) [Xom's mischief]
  8606 | D:9      | Gained mutation: You are very dopey. (Int -4) [Xom's
                  | mischief]
  8606 | D:9      | Gained mutation: You are completely covered in iridescent
                  | scales. (AC +6) [Xom's mischief]
  8606 | D:9      | Lost mutation: You have a pair of large horns on your head.
                  | [Xom's mischief]
  8663 | D:9      | XOM: confuse monster(s)
  8695 | D:9      | Identified the +4 ring mail of Ignis's Pride {Dex+4}
  8778 | D:9      | Found a runed translucent gate.
  8778 | D:9      | Found a runed translucent gate.
  8778 | D:9      | Found a runed translucent gate.
  8781 | D:9      | Noticed greenreed's ghost (novice MiBe)
  9210 | D:10     | Entered Level 10 of the Dungeon
  9360 | D:10     | Acquired a +1 arbalest of flaming
  9372 | D:10     | Noticed a two-headed ogre
  9376 | D:10     | Killed a two-headed ogre
  9377 | D:10     | Reached skill level 1 in Hexes
  9377 | D:10     | Reached skill level 1 in Translocations
  9400 | D:10     | Found a staircase to the Orcish Mines.
  9447 | D:10     | Found a staircase to the Lair.
  9472 | D:10     | Noticed Erolcha
  9472 | D:10     | Found an ancient bone altar of Kikubaaqudgha.
  9474 | D:10     | Killed Erolcha
  9575 | D:10     | Noticed Maggie
  9578 | D:10     | Killed Maggie
  9707 | D:10     | XOM: god gift: scroll of vulnerability
  9733 | D:10     | XOM: summons 4 hostile demons
  9734 | D:10     | Noticed a sixfirhy
  9753 | Lair:1   | Entered Level 1 of the Lair of Beasts
  9812 | Lair:1   | Learned a level 3 spell: Portal Projectile
  9880 | Lair:1   | XOM: give mutation
  9880 | Lair:1   | Gained mutation: You are agile. (Dex +2) [Xom's grace]
 10321 | Lair:1   | Reached XP level 12. HP: 112/112 MP: 11/11
 10491 | Lair:2   | Noticed a six-headed hydra
 10495 | Lair:2   | Killed a six-headed hydra
 10522 | Lair:2   | XOM: give mutations
 10522 | Lair:2   | Gained mutation: You are weak. (Str -2) [Xom's mischief]
 10522 | Lair:2   | Gained mutation: Your spells are a little harder to cast,
                  | but a little more powerful. [Xom's mischief]
 10665 | Lair:2   | Reached skill level 15 in Crossbows
 10759 | Lair:2   | XOM: 10-stop teleportation journey
 10878 | Lair:2   | XOM: divination: detect items
 10885 | Lair:2   | Found a hole to the Spider Nest.
 11099 | Lair:3   | XOM: noise
 11102 | Lair:3   | XOM: summons friendly ufetubus
 11187 | Lair:3   | XOM: polymorph ufetubus -> white imp
 11216 | Lair:3   | Noticed a six-headed hydra
 11218 | Lair:3   | XOM: swap monsters
 11220 | Lair:3   | Killed a six-headed hydra
 11246 | Lair:3   | Noticed Nergalle
 11250 | Lair:3   | Killed Nergalle
 11403 | Lair:3   | Noticed a six-headed hydra
 11404 | Lair:3   | XOM: cleaving
 11408 | Lair:3   | Killed a six-headed hydra
 11463 | Lair:3   | Found a staircase to the Shoals.
 11569 | Lair:3   | XOM: 2-stop teleportation journey
 11692 | Lair:3   | XOM: give mutations
 11692 | Lair:3   | Gained mutation: You are very agile. (Dex +4) [Xom's grace]
 11692 | Lair:3   | Gained mutation: Your spells are harder to cast, but more
                  | powerful. [Xom's grace]
 11692 | Lair:3   | Gained mutation: You are somewhat resistant to further
                  | mutation. [Xom's grace]
 11823 | Lair:3   | Noticed a four-headed hydra
 11825 | Lair:3   | Killed a four-headed hydra
 11826 | Lair:3   | Reached XP level 13. HP: 122/122 MP: 12/12
 11838 | Lair:3   | XOM: god gift: 6 javelins
 11844 | Lair:3   | XOM: god gift: +2 vorpal executioner's axe
 12132 | Lair:4   | Reached skill level 1 in Spellcasting
 12197 | Lair:4   | XOM: give mutations
 12197 | Lair:4   | Gained mutation: You are strong-willed. (Will+) [Xom's
                  | grace]
 12197 | Lair:4   | Lost mutation: You have sharp toenails. [Xom's grace]
 12197 | Lair:4   | Gained mutation: You have large cloven feet. [Xom's grace]
 12197 | Lair:4   | Lost mutation: You have large cloven feet. [Xom's grace]
 12197 | Lair:4   | Gained mutation: You have sharp toenails. [Xom's grace]
 12197 | Lair:4   | Gained mutation: You have an increased reservoir of magic.
                  | (+10% MP) [Xom's grace]
 12198 | Lair:4   | Upgraded the game from 0.29-a0-322-g68df515428 to
                  | 0.29-a0-323-g050149af67
 12323 | Lair:4   | Identified the +3 ring mail of Lachrymose Leaves {+Inv rF-
                  | rCorr Stlth+}
 12337 | Lair:4   | Identified the +9 plate armour "Wuinohox" {rPois rC+ Dex-2}
 12783 | Lair:5   | Reached skill level 5 in Translocations
 12806 | Lair:5   | XOM: scenery: summon butterflies
 12834 | Lair:5   | XOM: give mutation
 12834 | Lair:5   | Lost mutation: You have sharp toenails. [Xom's grace]
 12834 | Lair:5   | Gained mutation: You have large cloven feet. [Xom's grace]
 12960 | Lair:5   | XOM: summons 13 friendly demons
 13121 | Lair:5   | XOM: give mutations
 13121 | Lair:5   | Gained mutation: You have a considerably increased
                  | reservoir of magic. (+20% MP) [Xom's grace]
 13121 | Lair:5   | Lost mutation: You are somewhat resistant to further
                  | mutation. [Xom's grace]
 13121 | Lair:5   | Gained mutation: You have hidden genetic potential. [Xom's
                  | grace]
 13542 | Lair:6   | Entered Level 6 of the Lair of Beasts
 13545 | Lair:6   | XOM: confuse monster(s)
 13551 | Lair:6   | Reached skill level 5 in Hexes
 13600 | Lair:6   | XOM: summons 2 friendly demons
 13607 | Lair:6   | XOM: summons friendly iron imp
 13615 | Lair:6   | XOM: enchant monster (good)
 13692 | Lair:6   | XOM: cleaving
 13693 | Lair:6   | XOM: god gift: wand of acid (6)
 13698 | Lair:6   | Reached skill level 5 in Dodging
 13766 | Lair:6   | XOM: confuse monster(s)
 13770 | Lair:6   | XOM: enchant monster (good)
 13774 | Lair:6   | XOM: polymorph elephant -> death drake
 13781 | Lair:6   | XOM: god gift: book of Dangerous Friends
 13803 | Lair:6   | Found a frozen archway.
 13980 | IceCv    | Entered an ice cave
 13986 | IceCv    | Noticed a quicksilver ooze
 13990 | IceCv    | Killed a quicksilver ooze
 13991 | IceCv    | Reached XP level 14. HP: 133/133 MP: 21/21
 14000 | IceCv    | XOM: give mutations
 14000 | IceCv    | Lost mutation: You are very agile. (Dex +4) [Xom's
                  | mischief]
 14000 | IceCv    | Lost mutation: You are agile. (Dex +2) [Xom's mischief]
 14000 | IceCv    | Lost mutation: You are very dopey. (Int -4) [Xom's
                  | mischief]
 14090 | IceCv    | Noticed a quicksilver ooze
 14096 | IceCv    | Killed a quicksilver ooze
 14212 | IceCv    | Noticed a quicksilver ooze
 14214 | IceCv    | Killed a quicksilver ooze
 14229 | IceCv    | Noticed an azure jelly
 14236 | IceCv    | Killed an azure jelly
 14315 | IceCv    | Found a viscous altar of Jiyva.
 14320 | IceCv    | Noticed a quicksilver ooze
 14324 | IceCv    | Killed a quicksilver ooze
 14334 | IceCv    | Identified the amulet "Wuseijas" {Regen+ Int+3}
 14351 | IceCv    | Got the Volume of Ice
 14509 | Lair:6   | XOM: divination: detect creatures
 14620 | Lair:6   | XOM: divination: detect items
 14637 | Lair:6   | Gained mutation: You have very sharp teeth. [hidden
                  | potential]
 14652 | Lair:6   | XOM: enchant monster (good)
 14669 | Lair:6   | Found the +8 storm bow {elec, penet}
 14843 | Lair:6   | Found a viscous altar of Jiyva.
 14843 | Lair:6   | XOM: 1-stop teleportation journey
 14844 | Lair:6   | Found a staircase to the Slime Pits.
 14847 | Lair:6   | XOM: god gift: book of Winter
 14854 | Lair:6   | Identified the +9 short sword "Beastbane" {freeze, *Noise
                  | rF- Str+9 Int+6}
 14908 | Lair:6   | Identified the ring of Zoutioxi {MP-9 Str+2 Int+6 Dex+8}
 14945 | Lair:6   | XOM: noise
 14990 | Lair:6   | Reached skill level 15 in Fighting
 15027 | Lair:6   | XOM: 2-stop teleportation journey
 15034 | Lair:6   | XOM: 4-stop teleportation journey
 15325 | Lair:6   | Found a runed translucent door.
 15350 | Lair:6   | XOM: enchant monster (bad)
 15466 | Lair:6   | XOM: confuse monster(s)
 15486 | Lair:6   | XOM: summons 1 hostile shadow creature
 16024 | Orc:1    | Entered Level 1 of the Orcish Mines
 16036 | Orc:1    | Noticed Josephine
 16040 | Orc:1    | Noticed an orc warlord
 16042 | Orc:1    | XOM: swap monsters
 16044 | Orc:1    | XOM: confuse monster(s)
 16062 | D:10     | XOM: silly message
 16079 | D:10     | XOM: divination: detect items
 16163 | D:10     | Killed an orc warlord
 16296 | D:11     | XOM: divination: magic mapping
 16465 | D:11     | Found Hlog's Humungous Hoard.
 16473 | D:11     | Bought a manual of Hexes for 880 gold pieces
 16473 | D:11     | Bought a potion of haste for 110 gold pieces
 16473 | D:11     | Bought a scroll of holy word for 82 gold pieces
 16473 | D:11     | Bought a potion of heal wounds for 55 gold pieces
 16488 | D:11     | XOM: silly message
 16535 | D:11     | XOM: 2-stop teleportation journey
 16977 | D:12     | Reached XP level 15. HP: 141/141 MP: 25/25
 17164 | D:12     | You fall into a shaft and drop 2 floors!
 17415 | D:14     | XOM: 1-stop teleportation journey
 17674 | D:14     | XOM: noise
 17690 | D:14     | Gained mutation: You are highly strong-willed. (Will++)
                  | [hidden potential]
 17690 | D:14     | Lost mutation: You have hidden genetic potential. [hidden
                  | potential expressed]
 17699 | D:14     | Found a gate to the Vaults.
 17744 | D:14     | Identified the +0 chain mail "Daowk" {Dex+3}
 17748 | D:14     | Found a white marble altar of Elyvilon.
 17751 | D:14     | XOM: fog
 17852 | D:14     | XOM: cloud trail
 17976 | D:14     | XOM: destruction
 18037 | D:14     | XOM: destruction
 18099 | D:14     | Found a runed translucent door.
 18099 | D:14     | Noticed Atlas's ghost (journeyman OpAE)
 18319 | D:15     | Entered Level 15 of the Dungeon
 18387 | D:15     | Paralysed by a floating eye for 4 turns
 18407 | D:15     | Found a white marble altar of Elyvilon.
 18432 | D:15     | Identified the ring of Dishonesty {Ice Str+5 Dex+3}
 18437 | D:15     | XOM: scenery: 1 doors open
 18527 | D:15     | XOM: cast spell 'Summon Ice Beast'
 18543 | D:15     | Reached skill level 10 in Dodging
 18662 | D:15     | XOM: confuse monster(s)
 18720 | D:15     | XOM: scenery: 1 doors open
 18773 | D:15     | Identified the ring of Pusol {rPois rCorr}
 18862 | D:15     | XOM: god gift: potion of degeneration
 18938 | D:15     | Found a transporter.
 18968 | D:15     | Found a sparkling altar of Nemelex Xobeh.
 18979 | D:15     | Paralysed by a floating eye for 4 turns
 18987 | D:15     | XOM: noise
 19076 | D:15     | Identified the ring "Sahaph" {rF+ Int+3}
 19166 | D:15     | Reached XP level 16. HP: 97/155 MP: 17/26
 19295 | D:15     | Identified the +4 ring mail "Syakhasid" {rN+ Int+3 Stlth+}
 19332 | D:15     | Found a snail-covered altar of Cheibriados.
 19459 | D:15     | Identified the +7 flail of the Bedazzled God {vorpal,
                  | Str+7}
 19493 | D:15     | XOM: scenery: 1 doors open
 19496 | D:15     | XOM: swap monsters
 19597 | D:15     | XOM: divination: detect creatures
 19603 | D:15     | Found a staircase to the Depths.
 19611 | D:15     | Reached skill level 10 in Hexes
 19792 | D:15     | Found a transporter.
 19795 | D:15     | XOM: divination: detect items
 19813 | D:15     | Learned a level 2 spell: Blink
 19840 | D:14     | XOM: give mutations
 19840 | D:14     | Lost mutation: You are weak. (Str -2) [Xom's mischief]
 19840 | D:14     | Lost mutation: Your spells are harder to cast, but more
                  | powerful. [Xom's mischief]
 19907 | D:13     | XOM: noise
 19928 | D:13     | Reached skill level 1 in Bows
 20191 | D:13     | Noticed Urug
 20195 | D:13     | Killed Urug
 20317 | D:13     | Found an opulent altar of Gozag.
 20729 | D:10     | Killed Josephine
 20845 | Orc:1    | Found a burning altar of Makhleb.
 21010 | Orc:2    | Entered Level 2 of the Orcish Mines
 21020 | Orc:2    | Reached skill level 1 in Invocations
 21041 | Orc:1    | XOM: silly message
 21090 | Orc:2    | Found Holoisch's Antique Weapon Emporium.
 21090 | Orc:2    | XOM: 1-stop teleportation journey
 21283 | Orc:2    | Found Mirougo's Antique Armour Emporium.
 21291 | Orc:2    | Found Upratt's General Store.
 21297 | Orc:2    | Found Vetezac's Jewellery Emporium.
 21340 | Orc:2    | Bought a potion of ambrosia for 112 gold pieces
 21406 | Orc:2    | XOM: divination: detect items
 21420 | Orc:2    | XOM: 3-stop teleportation journey
 21422 | Orc:2    | Found an iron altar of Okawaru.
 21529 | Orc:2    | Found Garchixze's Jewellery Shop.
 21565 | Orc:2    | Found a staircase to the Elven Halls.
 21998 | Orc:1    | XOM: give mutations
 21998 | Orc:1    | Lost mutation: You are dopey. (Int -2) [Xom's grace]
 21998 | Orc:1    | Gained mutation: Your mind is acute. (Int +2) [Xom's grace]
 22103 | Elf:1    | Entered Level 1 of the Elven Halls
 22173 | Elf:1    | Found Likeu's Armour Emporium.
 22178 | Elf:1    | Bought a +0 pair of boots of flying for 184 gold pieces
 22244 | Elf:1    | Acquired a +2 pair of gloves of infusion
 22436 | Elf:1    | XOM: summons 3 hostile demons
 22523 | Elf:1    | XOM: 2-stop teleportation journey
 22708 | Elf:1    | XOM: stat loss: -1 Str (21/22)
 23052 | Elf:1    | XOM: chaos cloud
 23053 | Elf:1    | Paralysed by you for 5 turns
 23263 | Elf:2    | Found a crumbling gateway.
 23272 | Desolati | Entered the Desolation of Salt
 23280 | Desolati | XOM: enchant monster (bad)
 23286 | Desolati | Reached skill level 5 in Invocations
 23286 | Desolati | Reached XP level 17. HP: 89/166 MP: 9/27
 23417 | Desolati | XOM: blink monster(s)
 23418 | Desolati | XOM: noise
 23420 | Desolati | XOM: stat loss: -1 Int (22/23)
 23429 | Desolati | Reached skill level 15 in Armour
 23498 | Desolati | Identified the +4 plate armour of Lopexikk {Will- Int+4}
 23500 | Desolati | Got Mimap's Disquisition on Transformation
 23572 | Desolati | XOM: summons 1 hostile shadow creature
 23573 | Desolati | XOM: swap monsters
 23576 | Desolati | XOM: summons 3 hostile shadow creatures
 23579 | Desolati | XOM: noise
 23581 | Desolati | XOM: enchant monster (bad)
 23627 | Desolati | XOM: torment (63/166 hp)
 23866 | Desolati | XOM: summons 9 hostile demons
 23878 | Desolati | XOM: blink monster(s)
 23917 | Desolati | XOM: summons 4 hostile demons
 23975 | Desolati | Identified the ring "Joerish" {rElec Str+6}
 23981 | Desolati | Identified the +6 plate armour of Crawling {Stlth+}
 24043 | Desolati | Identified the ring of Busyur {MP+9 Int+5 SInv Stlth+}
 24046 | Desolati | Identified the ring "Jiyx" {Fire Int+7 Dex+4}
 24048 | Desolati | Identified the +5 giant spiked club "Concordance"
                  | {antimagic, rPois rCorr Str+3 Dex-5}
 24053 | Desolati | Got the Disquisition on Freezing Summoning
 24255 | Elf:2    | Found Fiuzxut's General Store.
 24264 | Elf:2    | Bought a scroll of magic mapping for 59 gold pieces
 24497 | Elf:2    | Found a runed translucent door.
 24526 | Elf:2    | Found a runed translucent door.
 24617 | Elf:2    | XOM: 1-stop teleportation journey
 24649 | Elf:2    | XOM: divination: detect creatures
 24995 | Shoals:1 | Entered Level 1 of the Shoals
 24996 | Shoals:1 | Found a broken altar of Ashenzari.
 25120 | Shoals:1 | XOM: give mutations
 25120 | Shoals:1 | Lost mutation: You have large cloven feet. [Xom's mischief]
 25120 | Shoals:1 | Lost mutation: You have a considerably increased reservoir
                  | of magic. (+20% MP) [Xom's mischief]
 25150 | Shoals:1 | XOM: noise
 25232 | Shoals:1 | You are sucked into a shaft and drop 1 floor!
 25248 | Shoals:2 | XOM: polymorph satyr -> something unseen
 25462 | Shoals:2 | XOM: give mutations
 25462 | Shoals:2 | Gained mutation: Your system is resistant to poisons.
                  | (rPois) [Xom's grace]
 25462 | Shoals:2 | Gained mutation: You are robust. (+10% HP) [Xom's grace]
 25462 | Shoals:2 | Gained mutation: A frigid envelope surrounds you and
                  | freezes all who hurt you. [Xom's grace]
 25462 | Shoals:2 | Gained mutation: You have large cloven feet. [Xom's grace]
 25465 | Shoals:2 | XOM: silly message
 25563 | Shoals:2 | Noticed a kraken
 25574 | Shoals:2 | Killed a kraken
 25649 | Shoals:2 | Noticed a kraken
 25649 | Shoals:2 | Noticed a kraken
 25650 | Shoals:2 | Noticed a kraken
 25659 | Shoals:2 | Killed a kraken
 25665 | Shoals:2 | Killed a kraken
 25667 | Shoals:2 | Killed a kraken
 25677 | Shoals:2 | Reached skill level 5 in Spellcasting
 25828 | Shoals:2 | XOM: give mutations
 25828 | Shoals:2 | Lost mutation: You have an increased reservoir of magic.
                  | (+10% MP) [Xom's mischief]
 25828 | Shoals:2 | Lost mutation: Your system is resistant to poisons. (rPois)
                  | [Xom's mischief]
 25828 | Shoals:2 | Gained mutation: You occasionally shout uncontrollably at
                  | your foes. [Xom's mischief]
 25891 | Shoals:2 | Found Meuczewn's Distillery.
 25895 | Shoals:2 | Noticed Nikola
 25906 | Shoals:2 | Killed Nikola
 25928 | Shoals:2 | Bought 2 potions of cancellation for 272 gold pieces
 25928 | Shoals:2 | Bought a potion of haste for 170 gold pieces
 25928 | Shoals:2 | Bought a potion of curing for 51 gold pieces
 25928 | Shoals:2 | Bought a potion of curing for 51 gold pieces
 26197 | Shoals:2 | Noticed a kraken
 26205 | Shoals:2 | Killed a kraken
 26206 | Shoals:2 | Reached XP level 18. HP: 195/195 MP: 7/25
 26252 | Shoals:2 | XOM: silly message
 26309 | Shoals:3 | Noticed Louise
 26310 | Shoals:3 | XOM: swap monsters
 26323 | Shoals:3 | Killed Louise
 26401 | Shoals:3 | XOM: give mutation
 26401 | Shoals:3 | Lost mutation: A frigid envelope surrounds you and freezes
                  | all who hurt you. [Xom's mischief]
 26463 | Shoals:3 | XOM: confuse monster(s)
 26465 | Shoals:3 | XOM: god gift: wand of polymorph (5)
 26699 | Shoals:3 | Noticed Bai Suzhen
 26706 | Shoals:3 | Killed Bai Suzhen
 26730 | Shoals:3 | XOM: divination: detect creatures
 26750 | Shoals:3 | XOM: silly message
 26865 | Shoals:4 | Entered Level 4 of the Shoals
 26882 | Shoals:4 | XOM: potion effect (curing)
 26889 | Shoals:4 | XOM: potion effect (curing)
 27170 | Shoals:4 | XOM: noise
 27181 | Shoals:4 | XOM: scenery: summon butterflies
 27195 | Shoals:4 | Reached skill level 15 in Dodging
 27201 | Shoals:4 | XOM: summons friendly iron imp
 27371 | Shoals:4 | Noticed Polyphemus
 27380 | Shoals:4 | Killed Polyphemus
 27524 | Shoals:4 | XOM: enchant monster (good)
 27777 | Shoals:4 | XOM: 1-stop teleportation journey
 27802 | Shoals:4 | XOM: noise
 27846 | Shoals:4 | Learned a level 5 spell: Silence
 27993 | Shoals:4 | Got a barnacled rune of Zot
 28203 | Shoals:3 | XOM: 3-stop teleportation journey
 28322 | Spider:1 | Entered Level 1 of the Spider Nest
 28368 | Spider:1 | XOM: cast spell 'Olgreb's Toxic Radiance'
 28628 | Spider:1 | Reached skill level 1 in Air Magic
 28969 | Spider:1 | XOM: confuse monster(s)
 29144 | Spider:1 | XOM: divination: magic mapping
 29245 | Spider:2 | XOM: potion effect (might)
 29263 | Spider:1 | XOM: silly message
 29705 | Spider:1 | XOM: enchant monster (good)
 29723 | Spider:2 | Reached XP level 19. HP: 202/202 MP: 19/28
 30036 | Spider:2 | XOM: give mutations
 30036 | Spider:2 | Lost mutation: You are completely covered in iridescent
                  | scales. (AC +6) [Xom's mischief]
 30036 | Spider:2 | Gained mutation: You sometimes lose the ability to read
                  | scrolls when taking damage. [Xom's mischief]
 30036 | Spider:2 | Lost mutation: You are highly strong-willed. (Will++)
                  | [Xom's mischief]
 30068 | Spider:2 | XOM: summons 10 hostile demons
 30124 | Spider:2 | XOM: give mutation
 30124 | Spider:2 | Lost mutation: You have large cloven feet. [Xom's mischief]
 30223 | Spider:2 | XOM: torment (112/201 hp)
 30715 | Spider:3 | XOM: divination: detect creatures
 31072 | Spider:4 | Entered Level 4 of the Spider Nest
 31268 | Spider:4 | XOM: 3-stop teleportation journey
 31448 | Spider:4 | Identified the +6 chain mail of Ganaesy {rElec Str+4}
 32251 | Spider:4 | XOM: give mutations
 32251 | Spider:4 | Lost mutation: You are robust. (+10% HP) [Xom's mischief]
 32251 | Spider:4 | Lost mutation: You expend magic power (3 MP) to strengthen
                  | your wands. [Xom's mischief]
 32251 | Spider:4 | Lost mutation: Your mind is acute. (Int +2) [Xom's
                  | mischief]
 32251 | Spider:4 | Lost mutation: You are strong-willed. (Will+) [Xom's
                  | mischief]
 32325 | Spider:4 | Got a gossamer rune of Zot
 32357 | Spider:4 | Lost mutation: Your spells are a little harder to cast, but
                  | a little more powerful. [potion of mutation]
 32357 | Spider:4 | Lost mutation: You sometimes lose the ability to read
                  | scrolls when taking damage. [potion of mutation]
 32357 | Spider:4 | Gained mutation: Your muscles are strong. (Str +2) [potion
                  | of mutation]
 32357 | Spider:4 | Gained mutation: You do not regenerate when monsters are
                  | visible. [potion of mutation]
 32358 | Spider:4 | Lost mutation: You have very sharp teeth. [potion of
                  | mutation]
 32358 | Spider:4 | Lost mutation: Armour fits poorly on your strangely shaped
                  | body. [potion of mutation]
 32359 | Spider:4 | Lost mutation: You are mostly covered in iridescent scales.
                  | (AC +4) [potion of mutation]
 32359 | Spider:4 | Lost mutation: Your muscles are strong. (Str +2) [potion of
                  | mutation]
 32359 | Spider:4 | Gained mutation: You are mostly covered in iridescent
                  | scales. (AC +4) [potion of mutation]
 32359 | Spider:4 | Gained mutation: Your system is resistant to poisons.
                  | (rPois) [potion of mutation]
 32360 | Spider:4 | Lost mutation: Your system is resistant to poisons. (rPois)
                  | [potion of mutation]
 32360 | Spider:4 | Lost mutation: You occasionally shout uncontrollably at
                  | your foes. [potion of mutation]
 32360 | Spider:4 | Lost mutation: You are mostly covered in iridescent scales.
                  | (AC +4) [potion of mutation]
 32360 | Spider:4 | Gained mutation: You are agile. (Dex +2) [potion of
                  | mutation]
 32361 | Spider:4 | Lost mutation: You do not regenerate when monsters are
                  | visible. [potion of mutation]
 32361 | Spider:4 | Lost mutation: You are partially covered in iridescent
                  | scales. (AC +2) [potion of mutation]
 32361 | Spider:4 | Lost mutation: You are agile. (Dex +2) [potion of mutation]
 32361 | Spider:4 | Gained mutation: Your muscles are strong. (Str +2) [potion
                  | of mutation]
 32361 | Spider:4 | Lost mutation: Your muscles are strong. (Str +2) [potion of
                  | mutation]
 32361 | Spider:4 | Gained mutation: You expend magic power (3 MP) to
                  | strengthen your wands. [potion of mutation]
 32361 | Spider:4 | Gained mutation: Your muscles are strong. (Str +2) [potion
                  | of mutation]
 32614 | Elf:3    | Entered Level 3 of the Elven Halls
 32633 | Elf:3    | Noticed Zenata
 32640 | Elf:3    | XOM: 3-stop teleportation journey
 33108 | Elf:3    | Killed Zenata
 33375 | Elf:3    | XOM: potion effect (berserk rage)
 33388 | Elf:3    | XOM: potion effect (invisibility)
 33505 | Elf:3    | XOM: silly message
 33517 | Elf:3    | XOM: cloud trail
 33561 | Elf:3    | Reached XP level 20. HP: 138/193 MP: 8/31
 33715 | Elf:3    | XOM: confuse monster(s)
 33725 | Elf:3    | XOM: confuse monster(s)
 33829 | Elf:3    | Identified the +1 ring mail of Qied Hoe {+Inv rC++ Str-2
                  | SInv}
 33855 | Elf:3    | Got the Almanac of Attacks
 33858 | Elf:3    | Identified the +1 robe of the Wilderness {rPois Str+4}
 33861 | Elf:3    | Identified the +10 great sword of the Wasteland {speed,
                  | +Blink rC+++ rCorr Dex+6}
 33883 | Elf:3    | Acquired Great Wizards, Vol. VII
 33997 | Elf:3    | Learned a level 4 spell: Passage of Golubria
 34217 | Vaults:1 | Entered Level 1 of the Vaults
 34269 | Vaults:1 | XOM: silly message
 34351 | Vaults:1 | XOM: silly message
 34608 | Vaults:1 | XOM: potion effect (curing)
 34819 | Vaults:1 | You are sucked into a shaft and drop 1 floor!
 34871 | Vaults:2 | XOM: confuse monster(s)
 34873 | Vaults:2 | XOM: potion effect (berserk rage)
 34876 | Vaults:2 | XOM: enchant monster (good)
 34884 | Vaults:2 | XOM: potion effect (might)
 34887 | Vaults:2 | Reached skill level 5 in Bows
 34932 | Vaults:2 | XOM: noise
 35008 | Vaults:2 | XOM: god gift: 23 stones
 35018 | Vaults:2 | XOM: 5-stop teleportation journey
 35024 | Vaults:2 | Found a flickering gateway to a bazaar.
 35061 | Bazaar   | Entered a bazaar
 35132 | Bazaar   | Found Booffibe's Book Shop.
 35146 | Bazaar   | Found Ybiwkaokh's Book Shop.
 35211 | Vaults:2 | XOM: noise
 35341 | Vaults:2 | XOM: cleaving
 35372 | Vaults:2 | Identified the +4 kite shield of the Shining Light {Rampage
                  | Fly Str+2 Dex-4}
 35372 | Vaults:2 | Noticed Donald
 35384 | Vaults:2 | Killed Donald
 35499 | Vaults:2 | Reached skill level 10 in Bows
 35515 | Vaults:2 | Found a staircase to the Crypt.
 35730 | Vaults:2 | XOM: scenery: 1 doors open
 35860 | Vaults:2 | XOM: 1-stop teleportation journey
 35934 | Vaults:2 | XOM: noise
 35935 | Vaults:2 | XOM: blink monster(s)
 35976 | Vaults:2 | XOM: give mutations
 35976 | Vaults:2 | Gained mutation: You are dopey. (Int -2) [Xom's mischief]
 35976 | Vaults:2 | Lost mutation: You are dopey. (Int -2) [Xom's mischief]
 36068 | Vaults:2 | XOM: god gift: robe {god gift}
 36206 | Vaults:2 | XOM: noise
 36578 | Vaults:2 | Reached XP level 21. HP: 173/201 MP: 17/32
 36659 | Vaults:2 | Lost mutation: Your muscles are strong. (Str +2) [a shining
                  | eye]
 36718 | Vaults:2 | Identified the +4 glaive of Ruirgh {flame, rPois MP+9}
 36735 | Vaults:2 | Mangled by a vault warden

Illustrated notes

Levels and vault maps discovered:
D:1:      roderic_dead_forest, layout_rooms, serial_shops, shop,
          shapermc_ecumenical_altar_pompeii
D:2:      layout_basic, serial_shops, nicolae_shop_overgrown_old_shop
D:3:      layout_loops_ring, mainiacjoe_overflow_swirl, nrook_campfire,
          wander_ebering_terrifying_dragon_lair
D:4:      layout_rooms, minmay_temple_entry_junction, minmay_misc_feat_ornament,
          grunt_decor_cap
D:5:      layout_rooms, dk_rats_in_the_wall
D:6:      layout_basic, mainiacjoe_overflow_24_doors, serial_curves,
          eino_curves_03, eino_curves_03, hangedman_glass_teeth,
          supply_closet_lemuel, solitary_fountain, uniq_eustachio, uniq_edmund,
          uniq_blork_the_orc, uniq_pikel
D:7:      cheibrodos_fzero, layout_rooms, nicolae_ossuary_entry_catacombs,
          minmay_manual_mares
D:8:      layout_loops_corners, special_room [special_room_orc]
D:9:      layout_basic, gammafunk_ghost_necromancy, hellmonk_bongcloud_opening
D:10:     layout_basic, pf_just_have_faith, lair_entry_dummy, david_orc_3,
          uniq_maggie, uniq_erolcha
D:11:     layout_roguey, nicolae_alphabet_shops, amcnicky_mini_pool_medium
D:12:     layout_roguey, serial_shops, kennysheep_little_box
D:13:     layout_loops_ring, special_room [special_room_orc],
          nicolae_gozag_cash_rules_everything_around_me, uniq_urug
D:14:     minmay_general_purpose_star, layout_small_grid,
          skrybe_vaults_entry_preservation, gammafunk_ghost_grave,
          minmay_ruined_shrine
D:15:     hangedman_spin_cycle
Lair:1:   layout_roguey, minivault_25, st_stairs_11, grunt_megastairs_1,
          infiniplex_staircase_pool_2, serial_bayou_shore_b
Lair:2:   layout_cave_shapes, hellmonk_spider_entry_not_the_bees,
          grunt_megastairs_3
Lair:3:   layout_gridlike, minmay_shoals_entry_lonely_mermaid,
          cheibrodos_lair_reptile_den, serial_bayou_shore_b, grunt_megastairs_2,
          lemuel_fruit_tree, serial_bayou_shore_b, uniq_nergalle
Lair:4:   layout_hall_layers
Lair:5:   layout_gridlike, grunt_megastairs_5
Lair:6:   hangedman_lair_in_review, layout_regular_city, wormcave,
          slime_altar_1, portal_ice_cave_entry_pillars_2,
          chequers_serial_rivers_large_b, nzn_sisyphean_effort
Shoals:1: layout_shoals, lemuel_altar_in_water
Shoals:2: nicolae_shoals_lighthouse, layout_shoals, nicolae_stop_n_shop_1,
          nicolae_shoals_beach_house_on_fowls_legs, uniq_nikola
Shoals:3: layout_shoals, uniq_louise, uniq_bai_suzhen
Shoals:4: shoals_end_grunt_ice, layout_shoals, uniq_polyphemus
Spider:1: layout_cave_pods
Spider:2: layout_spider_delve, nicolae_spider_circle_web
Spider:3: layout_spider_delve
Spider:4: grunt_spider_rune_parallel
Orc:1:    layout_caves, basic_altar, uniq_josephine
Orc:2:    grunt_orc_cross, layout_diamond_mine, serial_shops, shop_statue,
          okawaru_metal_pillars_1_2
Elf:1:    layout_geoelf_diagonals, serial_shops, shop,
          kennysheep_underground_church, drop_trap
Elf:2:    nicolae_elf_blades_splatter_lattice
          [nicolae_blade_entry_splitting_headache], layout_loops_ring,
          portal_desolation_entry_nicolae_slug, serial_shops,
          nicolae_shop_hallway_plus
Elf:3:    elf_hall, layout_onion_city, uniq_zenata
Vaults:1: vaults_dpeg_ring, v_alt_pattern_5, v_pattern_2, hangedman_vaults_trim,
          v_misc_22, nicolae_vaults_little_squares_1, grunt_vaults_funnel,
          nicolae_vaults_network_s, layout_vaults_ring
Vaults:2: st_greater_box_4, ontoclasm_vaults_chip, nicolae_vaults_little_ls,
          minmay_crypt_entry_simple_round, v_alt_pattern_3,
          hangedman_vaults_corner_blocks, ontoclasm_vaults_loading_screen,
          vaults_dpeg_diagonal, v_rooms_2, grunt_vaults_focal,
          hangedman_vaults_pinch, nicolae_vaults_network_quinsquares
          [nicolae_vaults_network_quincunx_subvault,
          nicolae_vaults_network_quincunx_subvault,
          nicolae_vaults_network_quincunx_subvault,
          nicolae_vaults_network_quincunx_subvault], hangedman_vaults_stream,
          layout_vaults_maze_bifur, serial_shops, bzr_entry_customers,
          uniq_donald

Skill      XL: |  1  2  3  4  5  6  7  8  9 10 11 12 13 14 15 16 17 18 19 20 21 |
---------------+----------------------------------------------------------------+-----
Maces & Flails | 1 2 |  2.3
Fighting       | 4 5 6 7 9 10 12 13 14 15 17 18 19 20 | 20.1
Armour         | 3 4 5 6 7 9 11 12 14 17 19 20 | 20.0
Crossbows      | 2 3 4 6 8 10 12 14 16 | 16.0
Hexes          | 2 4 5 6 9 10 | 10.3
Translocations | 2 4 6 7 |  7.0
Spellcasting   | 3 4 5 7 8 |  8.4
Dodging        | 5 8 11 12 14 16 19 20 | 20.0
Bows           | 2 12 13 | 13.4
Invocations    | 5 7 |  7.2
Air Magic      | 1 |  1.4
Axes           | |  3.9

Action                   |  1- 3 |  4- 6 |  7- 9 | 10-12 | 13-15 | 16-18 | 19-21 || total
-------------------------+-------+-------+-------+-------+-------+-------+-------++-------
Melee: Hand axe          |    69 |    12 |    13 |    16 |       |       |       ||   110
       Headbutt          |     5 |     1 |     3 |    11 |     1 |     2 |       ||    23
       Unarmed           |       |       |     4 |    34 |       |       |       ||    38
       Punch             |       |       |       |     1 |       |       |       ||     1
       Arbalest          |       |       |       |       |     6 |     3 |       ||     9
       Bite              |       |       |       |       |     3 |     1 |       ||     4
 Fire: Arbalest          |    12 |    51 |   125 |   403 |   696 |  1097 |   916 ||  3300
 Cast: Portal Projectile |       |       |       |       |    18 |    38 |    19 ||    75
       Blink             |       |       |       |       |       |     1 |       ||     1
Evoke: Wand              |       |       |       |       |     2 |       |       ||     2
       Condenser vane    |       |       |       |       |       |       |     1 ||     1
  Use: Scroll            |     1 |     7 |     4 |    10 |    18 |     8 |    13 ||    61
       Potion            |       |     4 |       |     2 |     4 |     1 |     7 ||    18
 Stab: Invisible         |     1 |       |       |       |       |       |       ||     1
       Paralysed         |     1 |       |       |       |       |       |       ||     1
       Sleeping          |     1 |       |       |       |       |       |       ||     1
       Petrified         |       |       |       |     6 |       |       |       ||     6
Armor: Leather armour    |    11 |       |       |     5 |       |       |       ||    16
       Ring mail         |    10 |    31 |    42 |    96 |   192 |   241 |   177 ||   789
       Skin              |       |       |       |     2 |       |       |       ||     2
Dodge: Dodged            |    42 |    24 |    36 |   130 |   258 |   850 |   649 ||  1989

Table legend: (Time is in decaauts)
 A = Elapsed time spent in this place.
 B = Non-inter-level travel time spent in this place.
 C = Inter-level travel time spent in this place.
 D = Time resting spent in this place.
 E = Time spent auto-exploring this place.
 F = Levels seen in this place.
 G = Mean time per level.
                   A        B        C        D        E       F      G
               +--------+--------+--------+--------+--------+-----+--------+
         Total |  36988 |  34678 |   2310 |    764 |  26482 |  40 |  924.7 |
       Dungeon |  14097 |  13244 |    853 |     85 |  10759 |  15 |  939.8 |
          Lair |   6050 |   5546 |    504 |    172 |   4352 |   6 | 1008.3 |
        Shoals |   3275 |   3131 |    144 |      0 |   2354 |   4 |  818.8 |
   Spider Nest |   4137 |   3860 |    277 |    273 |   2680 |   4 | 1034.2 |
  Orcish Mines |   1478 |   1241 |    237 |      0 |    948 |   2 |  739.0 |
   Elven Halls |   3421 |   3129 |    292 |    104 |   2397 |   3 | 1140.3 |
        Vaults |   2423 |   2423 |      0 |     58 |   1628 |   2 | 1211.5 |
        Bazaar |    109 |    109 |      0 |      0 |    104 |   1 |  109.0 |
       Ossuary |    648 |    648 |      0 |     69 |    449 |   1 |  648.0 |
      Ice Cave |    463 |    463 |      0 |      2 |    267 |   1 |  463.0 |
    Desolation |    881 |    881 |      0 |      0 |    542 |   1 |  881.0 |
               +--------+--------+--------+--------+--------+-----+--------+

Top non-repeatable levels by time:
  Lair:6: 1972 daAuts
Vaults:2: 1820 daAuts
    D:15: 1496 daAuts
   Elf:3: 1426 daAuts
     D:6: 1396 daAuts
Shoals:4: 1335 daAuts
Spider:1: 1300 daAuts
    D:14: 1264 daAuts
Spider:4: 1258 daAuts
     D:3: 1222 daAuts
   Elf:1: 1185 daAuts
Shoals:2: 1087 daAuts
     D:8: 1041 daAuts
Spider:2: 1000 daAuts
     D:7: 978 daAuts
